 Seeded DCSS version 0.30.1-4-g462c640d31 (webtiles) character file.

Game seed: 6351066067085065685 (custom seed)

66 Esekla the Magician (level 3, -6/18 (19) HPs)
             Began as a Deep Elf Wanderer on Sept 12, 2023.
             Was a Follower of Vehumet.
             Killed by miscasting Vampiric Draining (10 damage)
             ... on level 2 of the Dungeon.
             The game lasted 00:17:13 (2121 turns).

Esekla the Magician (Deep Elf Wanderer)             Turns: 2121, Time: 00:17:14

HP:   -6/18 (19)    AC:  3    Str: 11    XL:     3   Next: 96%
MP:   9/12          EV: 11    Int: 19    God:    Vehumet [*.....]
Gold: 195           SH:  3    Dex: 11    Spells: 3/13 levels left

rFire   . . .        a - +1 short sword (freeze)
rCold   . . .        d - +0 buckler
rNeg    . . .        c - +0 robe
rPois   .            (no helmet)
rElec   .            (no cloak)
rCorr   .            k - +0 pair of gloves
SInv    .            (no boots)
Will    .....        (no amulet)
Stlth   ++           (no ring)
HPRegen 0.23/turn    (no ring)
MPRegen 0.13/turn

%: no passive effects
@: very slightly contaminated, drained
A: no striking features
a: Renounce Religion


You were on level 2 of the Dungeon.
You worshipped Vehumet.
Vehumet was aware of your devotion.
You visited 1 branch of the dungeon, and saw 5 of its levels.

You collected 195 gold pieces.

Inventory:

Hand Weapons
 a - a +1 short sword of freezing (weapon)
 r - a +0 spear
Missiles
 u - 2 poisoned darts (quivered)
Armour
 c - a +0 robe (worn)
 d - a +0 buckler (worn)
 k - a +0 pair of gloves (worn)
 l - a +0 helmet
Wands
 i - a wand of roots (8)
 p - a wand of flame (15)
Scrolls
 g - 3 scrolls of identify {unknown}
 n - a scroll of amnesia {unknown}
 o - 2 scrolls of enchant weapon {unknown}
 q - a scroll of enchant armour {unknown}
 t - a scroll of fog {unknown}
Potions
 b - a potion of lignification
 e - a potion of ambrosia {unknown}
 f - 2 potions of attraction {unknown}
 h - a potion of heal wounds {unknown}
 j - 2 potions of curing {unknown}
 m - a potion of mutation {unknown}
 s - 2 potions of brilliance {unknown}
 v - a potion of haste {unknown}


   Skills:
 + Level 1.0 Short Blades
 * Level 1.3 Dodging
 + Level 1.3 Stealth
 + Level 1.5 Shields
 * Level 5.5 Spellcasting
 + Level 0.3 Conjurations
 * Level 1.7 Necromancy
 + Level 2.4 Translocations
 + Level 1.0 Invocations


You had 3 spell levels left.
You knew the following spells:

 Your Spells              Type           Power      Damage    Failure   Level
a - Magic Dart            Conj           24%        1d4       14%         1
b - Blink                 Tloc           28%        N/A       10%         2
d - Vampiric Draining     Necr           11%        2d6       26%         3
p - Apportation           Tloc           28%        N/A       6%          1
t - Teleport Other        Tloc           14%        N/A       19%         3

Your spell library contained the following spells:

 Spells                   Type           Power      Damage    Failure   Level
 Kiss of Death            Conj/Necr      36%        2d8       11%         1
 Lesser Beckoning         Tloc           28%        N/A       10%         2
 Gell's Gravitas          Tloc           14%        N/A       19%         3
 Ignite Poison            Fire/Tmut/Pois 5%         N/A       45%         3


Dungeon Overview and Level Annotations

Branches:
Dungeon (5/15)
 Temple: D:4-7

Altars:
Okawaru
Vehumet
Zin

Shops:
D:2 =   D:4 (


Message History

Press: ? - help, Shift-Dir - straight line, f/p - hobgoblin
Aim: a hobgoblin (lightly wounded, 100% to hit)
The magic dart hits the hobgoblin.
The hobgoblin is heavily wounded.
You hit the hobgoblin. You freeze the hobgoblin.
You kill the hobgoblin!
Vehumet accepts your kill.
Found a short sword.
You see here a +0 short sword.
The gnoll barely misses you.
You hit the gnoll. You freeze the gnoll.
The gnoll is lightly wounded.
The gnoll hits you with a +0 spear.
You hit the gnoll but do no damage.
The gnoll is lightly wounded.
The gnoll barely misses you.
You hit the gnoll but do no damage.
The gnoll is lightly wounded.
The gnoll barely misses you.
You hit the gnoll. You freeze the gnoll.
The gnoll is heavily wounded.
The gnoll hits you with a +0 spear. You block the gnoll's attack.
The iguana hisses angrily.
You hit the gnoll but do no damage.
The gnoll is heavily wounded.
The gnoll barely misses you.
The gnoll hits you from afar with a +0 spear!
The gnoll hits you with a +0 spear.
* * * LOW HITPOINT WARNING * * *
Casting: Magic Dart (safe; 14% risk of failure)
Confirm with . or Enter, or press ? or * to list all spells.
The spell is astonishingly dangerous to miscast (26% risk of failure)!
Continue anyway?
Aiming: Vampiric Draining (astonishingly dangerous; 26% risk of failure)
Press: ? - help, Shift-Dir - straight line, f - gnoll
Aim: a gnoll, wielding a +0 spear (heavily wounded)
You miscast Vampiric Draining.
You are very lightly contaminated with residual magic.
You hear strange and distant voices!
You feel drained.
Ouch! That really hurt!
You die...

..####^#....g.........# #.. ###
#.#..#####.####### #.. #.#..# #.#
#.. #.#..# #)# ##.
######....#####.## #.
..ยง.l............# #.
######.#...####..# #.
#.##........# #. #.##..#####@# #.
#.##..#####g### #.
######.##<......l..# #.
#......##........).# ########.
#.####.##.######.#.####..........
#.......#...............#########
#.#####.########.#.######
..#8.8#....# #.#.# ###
###...###8.#####.#.# #..


You could see an iguana and a gnoll.

Vanquished Creatures
  2 gnolls (D:2)
  An adder (D:2)
  5 ball pythons (D:1)
  4 endoplasms
  8 goblins
  3 hobgoblins
  A quokka (D:1)
  4 bats
  4 frilled lizards
  4 kobolds
  A rat (D:2)
37 creatures vanquished.

Notes
Turn   | Place    | Note
-------+----------+-------------------------------------------
     0 | D:1      | Esekla the Deep Elf Wanderer began the quest for the Orb.
     0 | D:1      | Esekla set off with the following items: a +0 club, a
                  | potion of lignification, a +0 robe, a +0 buckler; and the
                  | following spells available to memorise: Apportation, Blink,
                  | Lesser Beckoning, Magic Dart, Ignite Poison, Vampiric
                  | Draining.
     0 | D:1      | Reached XP level 1. HP: 10/10 MP: 7/7
     2 | D:1      | Learned a level 1 spell: Magic Dart
     4 | D:1      | Learned a level 1 spell: Apportation
   229 | D:2      | Found Renulab's Jewellery Shop.
   298 | D:3      | You fall into a shaft and drop 1 floor!
   376 | D:4      | Found an iron altar of Okawaru.
   387 | D:4      | Found a glowing silver altar of Zin.
   461 | D:4      | Found a radiant altar of Vehumet.
   467 | D:4      | Became a worshipper of Vehumet
   611 | D:3      | Reached skill level 1 in Necromancy
   684 | D:3      | Reached XP level 2. HP: 15/15 MP: 2/9
   832 | D:4      | Found Ponaysk's Antique Weapon Boutique.
   922 | D:5      | Entered Level 5 of the Dungeon
  1238 | D:2      | Reached skill level 5 in Spellcasting
  1351 | D:1      | Reached skill level 1 in Dodging
  1383 | D:1      | Learned a level 2 spell: Blink
  1389 | D:1      | Reached XP level 3. HP: 19/19 MP: 4/11
  1393 | D:1      | Learned a level 3 spell: Vampiric Draining
  1677 | D:1      | Reached * piety under Vehumet
  1677 | D:1      | Offered knowledge of Kiss of Death by Vehumet.
  1783 | D:2      | Noticed a black bear
  1815 | D:2      | Found a faded altar of an unknown god.
  1889 | D:2      | Reached skill level 1 in Short Blades
  2030 | D:1      | Learned a level 3 spell: Teleport Other
  2121 | D:2      | Killed by miscasting Vampiric Draining

Illustrated notes

Levels and vault maps discovered:
D:1:      sevenhm_arrival_forest_fort_small_3, layout_rooms,
          chequers_serial_rivers_room_b, minmay_misc_feat_five
D:2:      layout_loops_ring, dreamdust_ecumenical_altar_angels_and_demons,
          serial_shops, shop
D:3:      layout_basic, grunt_temple_overflow_open, minmay_misc_feat_iff
D:4:      layout_basic, nicolae_overflow_quartered_altars, serial_shops,
          nicolae_diamond_shop
D:5:      layout_loops_ring, lemuel_doored_altar, minmay_misc_feat_rows,
          dreamdust_wishing_well

Skill      XL: |  1  2  3 |
---------------+----------+-----
Necromancy     | 1 |  1.7
Spellcasting   | 5 |  5.5
Dodging        | 1 |  1.3
Short Blades   | 1 |  1.0
Stealth        | |  1.3
Shields        | |  1.5
Conjurations   | |  0.3
Translocations | |  2.4
Invocations    | |  1.0

Action                     || total
---------------------------++-------
  Melee: Short sword       ||    48
  Throw: Dart              ||     1
   Cast: Apportation       ||    38
         Magic Dart        ||    61
         Blink             ||     3
         Vampiric Draining ||     3
  Evoke: Wand              ||     1
    Use: Scroll            ||     1
   Stab: Sleeping          ||     1
 Armour: Robe              ||    16
  Dodge: Dodged            ||    44
  Block: Buckler           ||    16
